 Dungeon Crawl Stone Soup version 0.25.1-8-g42b30a86e7 (webtiles) character file.

Game seed: 17161403477094194015

31917 Shugal the Severer (level 13, -9/122 HPs)
             Began as a Minotaur Berserker on Dec 16, 2020.
             Was the Champion of Trog.
             Mangled by a 17-headed hydra (11 damage)
             ... on level 6 of the Lair of Beasts.
             The game lasted 00:43:04 (16745 turns).

Shugal the Severer (Minotaur Berserker)            Turns: 16745, Time: 00:43:05

Health: -9/122     AC: 21    Str: 31    XL:     13   Next: 28%
Magic:  13/13      EV: 12    Int:  8    God:    Trog [******]
Gold:   679        SH:  5    Dex: 16    Spells: 12/12 levels left

rFire    + + .     SeeInvis .   J - +8 hand axe "Jarank" {speed, rF+ Dex+7}
rCold    + . .     Gourm    .   (no shield)
rNeg     . . .     Faith    .   v - +3 plate armour of Anasking {rPois Str+4 Stlth+}
rPois    +         Spirit   .   (helmet restricted)
rElec    .         Reflect  +   A - scarf {repulsion}
rCorr    .         Harm     .   (no gloves)
MR       .....                  u - +0 pair of boots
Stlth    ..........             d - amulet of reflection
HPRegen  0.30/turn              H - ring of the Mantidfly {Fire Int+3}
MPRegen  0.13/turn              w - ring "Cihyigor" {rC++ Slay+4}

@: about to teleport, repel missiles
A: retaliatory headbutt, horns 2
a: Berserk, Trog's Hand, Brothers in Arms, Renounce Religion


You were on level 6 of the Lair of Beasts.
You worshipped Trog.
Trog was exalted by your worship.
You were not hungry.

You visited 2 branches of the dungeon, and saw 17 of its levels.

You collected 935 gold pieces.
You spent 256 gold pieces at shops.

Inventory:

Hand Weapons
 J - the +8 hand axe "Jarank" (weapon) {speed, rF+ Dex+7}
   (You bought it in a shop on level 7 of the Dungeon)

   Attacks with this weapon are significantly faster.
   It affects your dexterity (+7).
   It protects you from fire.
Missiles
 F - 63 poisoned darts (quivered)
Armour
 u - a +0 pair of boots (worn)
 v - the +3 plate armour of Anasking (worn) {rPois Str+4 Stlth+}
   (You found it on level 4 of the Dungeon)

   It affects your strength (+4).
   It protects you from poison.
   It makes you more stealthy.
 A - a scarf of repulsion (worn)
Jewellery
 a - an uncursed ring of stealth {unknown}
 d - an amulet of reflection (around neck)
 m - an uncursed ring of ice {unknown}
 p - an uncursed ring of protection from magic
 w - the ring "Cihyigor" (right hand) {rC++ Slay+4}
   (You acquired it on level 10 of the Dungeon)

   [ring of slaying]

   It affects your accuracy and damage with ranged weapons and melee attacks
   (+4).
   It greatly protects you from cold.
 D - an uncursed ring of positive energy {unknown}
 H - the ring of the Mantidfly (left hand) {Fire Int+3}
   (You found it on level 7 of the Dungeon)

   [ring of fire]

   It enhances your fire magic.
   It affects your intelligence (+3).
   It protects you from fire.
   It makes you vulnerable to cold.
 P - an uncursed ring of wizardry {unknown}
Wands
 j - a wand of digging (4)
 q - a wand of disintegration (17)
 x - a wand of iceblast (13)
 L - a wand of acid (3)
 N - a wand of paralysis (8)
 Q - a wand of polymorph (9)
 U - a wand of clouds (5)
Scrolls
 c - 5 scrolls of teleportation
 e - 4 scrolls of magic mapping
 g - 5 scrolls of amnesia
 h - 4 scrolls of immolation
 i - a scroll of fear {unknown}
 l - a scroll of noise {unknown}
 n - 11 scrolls of remove curse
 s - a scroll of fog
 y - 2 scrolls of enchant armour
 C - 2 scrolls of enchant weapon {unknown}
 I - 2 scrolls of brand weapon {unknown}
 O - 2 scrolls of blinking {unknown}
 R - 3 scrolls of random uselessness {unknown}
 S - a scroll of identify
Potions
 b - 4 potions of curing {unknown}
 f - 4 potions of stabbing {unknown}
 o - 2 potions of magic {unknown}
 r - 3 potions of ambrosia {unknown}
 t - 5 potions of brilliance {unknown}
 z - 4 potions of heal wounds {unknown}
 E - 3 potions of degeneration {unknown}
 G - 2 potions of lignification {unknown}
 K - 2 potions of mutation {unknown}
 V - a potion of might {unknown}
 W - a potion of flight {unknown}
Miscellaneous
 B - a phantom mirror
Comestibles
 k - 16 rations
 T - 10 chunks of flesh


   Skills:
 + Level 13.3 Fighting
 - Level 16.0 Axes
 + Level 15.1 Armour
 + Level 5.9 Dodging
 + Level 2.6 Stealth
 + Level 1.3 Evocations


You had 12 spell levels left.
You didn't know any spells.
Your spell library was empty.

Dungeon Overview and Level Annotations

Branches:
Dungeon (11/15)            Temple (0/1) D:5            Lair (6/6) D:10
  Swamp (0/4) Lair:4        Snake (0/4) Lair:4        Slime (0/5) Lair:6
    Orc (0/2) D:9

Altars:
Elyvilon
Kikubaaqudgha
Okawaru
Qazlal
Trog
Jiyva

Shops:
D:5 (   D:7 =[*(

Annotations:
D:4 4 runed translucent doors
Lair:2 2 transporters, Viwito's ghost, journeyman TrMo
Lair:4 exclusion: oklob plant
Lair:6 1 runed translucent door


Innate Abilities, Weirdness & Mutations

You reflexively headbutt those who attack you in melee.
You have a pair of horns on your head.


Message History

Your blink frog hits the 17-headed hydra!!
Your blink frog blinks!
Your blink frog hits the elephant.
Your blink frog blinks!
The elephant tramples you but does no damage.
The elephant misses you.
The 17-headed hydra bites your crocodile.
The 17-headed hydra bites your crocodile but does no damage.
The 17-headed hydra bites your crocodile! x2
Your crocodile dies!
Your crocodile's corpse dissolves into shadows!
The 17-headed hydra barely misses you.
The 17-headed hydra bites you but does no damage.
You block the 17-headed hydra's attack.
The 17-headed hydra bites you but does no damage.
The 17-headed hydra bites you.
* * * LOW HITPOINT WARNING * * *
The 17-headed hydra closely misses you. x2
You block the 17-headed hydra's attack. The 17-headed hydra bites you!
You die...

..P#
#.............P♣P.....
..##
#............PPPP.....
...#
#.#§F..##.P.PPPP.....
...#
##.........PP..PP....
...#
#......#......PPP....
...#
#P...#..!P....P.#...
...#
#.F.......P.........
...#
#D.Y§†.............
..P#
##@#..#........P.÷.
..##
######..#......... P.#
#...#....÷...# ###
...............
.#..............
##....♣♣♣♣.♣♣♣...
####..♣♣ ♣)♣♣ ♣♣♣. ###
## #####.#...♣♣ ♣.♣♣ ♣
###.## #.#
#.....#....♣ ♣♣†♣♣♣


You could see a 17-headed hydra, an elephant and 2 friendly blink frogs.

Vanquished Creatures
  Rupert (Lair:6)
  A hydra (Lair:6)
  4 death yaks (Lair:3)
  5 elephants (Lair:6)
  A black mamba (Lair:6)
  12 spiny frogs
  2 gargoyles (D:11)
  2 rime drakes (Lair:5)
  8 komodo dragons
  4 trolls
  A hornet (D:10)
  4 polar bears
  4 bog bodies (Lair:4)
  6 hippogriffs
  15 blink frogs
  A spriggan (D:8)
  A wyvern (D:10)
  16 yaks
  A steam dragon (Lair:2)
  A wraith (D:11)
  3 basilisks
  A swamp worm (Lair:4)
  2 nagas (Lair:4)
  7 water moccasins
  6 porcupines
  3 sky beasts
  2 orc warriors
  A black bear (Lair:6)
  2 ice beasts
  A phantom (D:8)
  An eye of draining (D:9)
  7 centaurs
  4 ogres
  15 wolves
  4 boggarts (Lair:6)
  5 crocodiles
  3 big kobolds
  10 bullfrogs
  A gnoll sergeant (D:10)
  A wyvern zombie (D:9)
  3 scorpions
  4 killer bees (D:11)
  2 howler monkeys
  5 electric eels
  4 crimson imps
  A bullfrog zombie (D:10)
  4 orc priests
  7 hounds
  A centaur skeleton (D:9)
  A bullfrog skeleton (D:6)
  4 jellies
  9 worker ants
  2 iguanas
  7 orc wizards
  A killer bee zombie (D:7)
  A hound zombie (D:7)
  10 gnolls
  13 adders
  3 shadow imps
  2 oozes
  4 worms
  A dart slug (D:2)
  4 leopard geckos
  28 orcs
  4 bats
  5 giant cockroaches
  3 goblins
  10 hobgoblins
  14 jackals
  23 kobolds
  2 quokkas
  6 frilled lizards
  A leopard gecko zombie (D:8)
  A quokka zombie (D:6)
  6 rats
  4 fungi
369 creatures vanquished.

Vanquished Creatures (others)
  6 fungi
  5 plants
11 creatures vanquished.

Grand Total: 380 creatures vanquished

Notes
Turn   | Place    | Note
-------+----------+-------------------------------------------
     0 | D:1      | Shugal the Minotaur Berserker began the quest for the Orb.
     0 | D:1      | Reached XP level 1. HP: 19/19 MP: 0/0
   663 | D:1      | Reached XP level 2. HP: 27/27 MP: 1/1
   780 | D:1      | Reached skill level 4 in Axes
  1050 | D:2      | Reached XP level 3. HP: 31/34 MP: 2/2
  1086 | D:2      | Reached ** piety under Trog
  2139 | D:2      | Reached XP level 4. HP: 39/41 MP: 3/3
  2490 | D:3      | Reached skill level 5 in Fighting
  2490 | D:3      | Reached skill level 5 in Axes
  2490 | D:3      | Reached XP level 5. HP: 48/48 MP: 4/4
  2604 | D:3      | Reached skill level 1 in Stealth
  2729 | D:3      | Reached XP level 6. HP: 23/56 MP: 5/5
  3038 | D:3      | Found a white marble altar of Elyvilon.
  3038 | D:3      | You fall into a shaft and drop 2 floors!
  3038 | D:5      | Entered Level 5 of the Dungeon
  3106 | D:5      | Reached *** piety under Trog
  3106 | D:5      | Reached skill level 6 in Axes
  3321 | D:5      | Found Mosom's Antique Weapon Shoppe.
  3391 | D:5      | Found a staircase to the Ecumenical Temple.
  3445 | D:5      | Noticed a water elemental
  3446 | D:5      | Found a stormy altar of Qazlal.
  3449 | D:5      | Noticed an air elemental
  3449 | D:5      | Noticed a fire elemental
  4075 | D:4      | Reached XP level 7. HP: 59/62 MP: 6/6
  4119 | D:4      | Found an ancient bone altar of Kikubaaqudgha.
  4402 | D:4      | Found a large runed translucent door.
  4402 | D:4      | Found a large runed translucent door.
  4432 | D:4      | Reached skill level 7 in Axes
  4450 | D:4      | Got a crude plate armour
  4461 | D:4      | Identified the +3 plate armour of Anasking {rPois Str+4
                  | Stlth+} (You found it on level 4 of the Dungeon)
  4488 | D:4      | Found a large runed translucent door.
  4488 | D:4      | Found a large runed translucent door.
  5716 | D:6      | Reached skill level 5 in Armour
  5739 | D:6      | Reached XP level 8. HP: 70/70 MP: 7/7
  5855 | D:6      | Found a bloodstained altar of Trog.
  5964 | D:6      | Reached skill level 8 in Axes
  6158 | D:7      | Noticed a hippogriff
  6172 | D:7      | Killed a hippogriff
  6279 | D:7      | Reached skill level 9 in Axes
  6509 | D:7      | Found Wof Xock's Jewellery Emporium.
  6516 | D:7      | Got a transparent amber ring
  6553 | D:7      | Found Vuig's Assorted Antiques.
  6575 | D:7      | Bought a scroll labeled LUPTOBO ITTO for 28 gold pieces
  6575 | D:7      | Bought a scroll labeled OKLAC FAFAIGIETSIH for 28 gold
                  | pieces
  6631 | D:7      | Reached XP level 9. HP: 78/78 MP: 8/8
  6788 | D:7      | Reached skill level 10 in Axes
  6830 | D:7      | Found Xikhlif's Antique Armour Shop.
  7134 | D:7      | Found Nafilisu's Antique Weapon Emporium.
  7137 | D:7      | Bought an iridescent hand axe for 200 gold pieces
  7140 | D:7      | Identified the +8 hand axe "Jarank" {speed, rF+ Dex+7} (You
                  | bought it in a shop on level 7 of the Dungeon)
  7232 | D:8      | Reached **** piety under Trog
  7417 | D:8      | Found an iron altar of Okawaru.
  7701 | D:8      | Reached skill level 11 in Axes
  8188 | D:9      | Noticed a troll
  8193 | D:9      | Killed a troll
  8193 | D:9      | Reached skill level 12 in Axes
  8193 | D:9      | Reached XP level 10. HP: 79/89 MP: 9/9
  8453 | D:9      | Reached ***** piety under Trog
  8855 | D:9      | Found a staircase to the Orcish Mines.
  8929 | D:10     | Entered Level 10 of the Dungeon
  8936 | D:10     | Found a staircase to the Lair.
  9248 | D:10     | Reached skill level 10 in Armour
  9287 | D:10     | Reached skill level 13 in Axes
  9606 | D:10     | Reached skill level 5 in Dodging
  9883 | D:10     | Identified the ring of the Mantidfly {Fire Int+3} (You
                  | found it on level 7 of the Dungeon)
  9891 | D:10     | Identified a scroll of acquirement
  9892 | D:10     | Acquired the ring "Cihyigor" {rC++ Slay+4}
 10404 | D:11     | Noticed a gargoyle
 10405 | D:11     | Noticed a gargoyle
 10416 | D:11     | Killed a gargoyle
 10416 | D:11     | Reached XP level 11. HP: 99/99 MP: 10/10
 11064 | Lair:1   | Entered Level 1 of the Lair of Beasts
 11074 | Lair:1   | Reached skill level 14 in Axes
 11101 | Lair:1   | Reached skill level 10 in Fighting
 12385 | Lair:2   | Reached skill level 15 in Axes
 12730 | Lair:2   | Found a transporter.
 12732 | Lair:2   | Noticed Viwito's ghost (journeyman TrMo)
 12827 | Lair:2   | Found a transporter.
 13475 | Lair:3   | Noticed a death yak
 13477 | Lair:3   | Noticed a death yak
 13479 | Lair:3   | Noticed a death yak
 13480 | Lair:3   | Noticed a death yak
 13507 | Lair:3   | Killed a death yak
 13507 | Lair:3   | Reached XP level 12. HP: 81/108 MP: 11/11
 13508 | Lair:3   | Killed a death yak
 13519 | Lair:3   | Killed a death yak
 13524 | Lair:3   | Killed a death yak
 14693 | Lair:4   | Found a staircase to the Snake Pit.
 14865 | Lair:4   | Reached skill level 16 in Axes
 14876 | Lair:4   | Found a staircase to the Swamp.
 15959 | Lair:5   | Reached ****** piety under Trog
 15960 | Lair:5   | Received a gift from Trog
 16225 | Lair:6   | Entered Level 6 of the Lair of Beasts
 16305 | Lair:6   | Found a runed translucent door.
 16305 | Lair:6   | Found a viscous altar of Jiyva.
 16307 | Lair:6   | Found a staircase to the Slime Pits.
 16518 | Lair:6   | Noticed a five-headed hydra
 16530 | Lair:6   | Killed an eight-headed hydra
 16535 | Lair:6   | Reached XP level 13. HP: 118/119 MP: 12/12
 16591 | Lair:6   | Noticed Rupert
 16598 | Lair:6   | Paralysed by Rupert for 7 turns
 16615 | Lair:6   | Killed Rupert
 16712 | Lair:6   | Reached skill level 15 in Armour
 16719 | Lair:6   | Reached skill level 1 in Evocations
 16744 | Lair:6   | HP: 5/122 [17-headed hydra (7)]
 16745 | Lair:6   | HP: 2/122 [17-headed hydra (4)]
 16745 | Lair:6   | Mangled by a 17-headed hydra

Illustrated notes

Levels and vault maps discovered:
D:1:      eino_arrival_druids_welcome, layout_basic, minivault_23
D:2:      layout_rooms, grunt_ministairs_11
D:3:      layout_basic, lemuel_crystal_altar, first_ration
D:4:      layout_loops_ring, old_standard_altar, minmay_hollow_rounded_squares
D:5:      layout_gridville, minmay_temple_entry_arrows, serial_shops, shop,
          nicolae_qazlal_style_of_elements
D:6:      layout_basic, basic_altar, corexii_shack
D:7:      layout_layer_cave, serial_shops, nicolae_shop_trees, kennysheep_mini,
          nicolae_shop_trees, nicolae_shop_crystal
D:8:      layout_basic, grunt_pizzeria, okawaru_metal_pillars_1_2
D:9:      layout_basic, hiddenorc1_lemuel
D:10:     layout_cave_pools, erik_lair_island
D:11:     layout_irregular_city
Lair:1:   layout_layer_cave, grunt_megastairs_5
Lair:2:   layout_roguey, gammafunk_ghost_berserking_beasts
Lair:3:   layout_loops_ring
Lair:4:   layout_cave_shapes, nicolae_swamp_entry_splash_gauntlet,
          guppyfry_snake_entry_garden, minmay_lair_oklob_chamber
Lair:5:   layout_loops_ring, serial_rivers, chequers_serial_rivers_micro_d,
          chequers_serial_rivers_large_a, chequers_serial_rivers_large_b,
          chequers_serial_rivers_micro_d, chequers_serial_rivers_micro_b
Lair:6:   grunt_lair_end_beastmaster, layout_gridlike, slime_altar_2,
          kilobyte_rumbling_trees, uniq_rupert

Skill      XL: |  1  2  3  4  5  6  7  8  9 10 11 12 13 |
---------------+----------------------------------------+-----
Fighting       | 4 5 6 8 9 10 12 13 | 13.3
Axes           | 4 5 6 7 9 12 13 15 16 | 16.0
Dodging        | 3 4 5 |  5.9
Stealth        | 1 2 |  2.6
Armour         | 3 5 7 9 10 12 14 15 | 15.1
Evocations     | 1 |  1.3

Action                   |  1- 3 |  4- 6 |  7- 9 | 10-12 | 13-15 || total
-------------------------+-------+-------+-------+-------+-------++-------
Melee: Hand axe          |    79 |   115 |   134 |   480 |    75 ||   883
       Headbutt          |    15 |    20 |    52 |   161 |    28 ||   276
       War axe           |       |       |   111 |       |       ||   111
Invok: Berserk           |       |     4 |     1 |     2 |       ||     7
Evoke: Wand              |       |       |       |     4 |     1 ||     5
  Use: Scroll            |       |       |     1 |    12 |     2 ||    15
 Stab: Sleeping          |       |     1 |       |       |       ||     1
  Eat: Chunk             |     1 |     6 |    10 |    21 |     1 ||    39
       Ration            |     1 |     1 |     1 |     2 |       ||     5
Armor: Animal skin       |    19 |     2 |       |       |       ||    21
       Scale mail        |       |    20 |     6 |       |       ||    26
       Plate armour      |       |       |   123 |   185 |    68 ||   376
Dodge: Dodged            |    42 |    49 |   100 |   148 |    56 ||   395
       Repelled          |       |       |     6 |    11 |       ||    17
Block: Other             |       |       |       |    12 |    20 ||    32
